 Dungeon Sprint DCSS version 0.23.1-37-gaa34b87 (webtiles) character file.

Game seed: 2041551308244580328

140 nuthulu the Severer (level 8, -1/83 HPs)
             Began as a Minotaur Fighter on Mar 20, 2019.
             Was a High Priest of Makhleb.
             Slain by a redback (12 damage)
             ... in the Dungeon (Sprint VI: "Thunderdome").
             The game lasted 00:03:45 (564 turns).

nuthulu the Severer (Minotaur Fighter)               Turns: 564, Time: 00:03:45

Health: -1/83      AC:  9    Str: 20    XL:     8   Next: 42%
Magic:  7/7        EV:  9    Int:  5    God:    Makhleb [*****.]
Gold:   100        SH:  0    Dex: 13    Spells: 7/7 levels left

rFire    . . .     SeeInvis .   d - +0 executioner's axe
rCold    . . .     Gourm    .   (shield currently unavailable)
rNeg     . . .     Faith    .   b - +0 scale mail
rPois    .         Spirit   .   (helmet restricted)
rElec    .         Reflect  .   (no cloak)
rCorr    .         Harm     .   (no gloves)
MR       .....     NoTele   +   (no boots)
Stlth    ..........             (no amulet)
HPRegen  0.23/turn              (no ring)
MPRegen  0.10/turn              (no ring)

@: hasted, very quick
A: retaliatory headbutt, horns 2
a: Minor Destruction, Lesser Servant of Makhleb, Major Destruction, Greater
Servant of Makhleb, Renounce Religion


You were in the Dungeon.
You worshipped Makhleb.
Makhleb was extremely pleased with you.
You were not hungry.

You visited 1 branch You collected 400 gold pieces.
You spent 300 gold pieces at shops.

Inventory:

Hand Weapons
 a - a +0 war axe
 d - a +0 executioner's axe (weapon)
Armour
 b - a +0 scale mail (worn)
Wands
 m - a wand of iceblast (2)
Scrolls
 k - 4 scrolls of blinking
 n - 3 scrolls of fog
Potions
 h - a potion of haste
 i - 2 potions of magic
 o - a potion of resistance
Comestibles
 f - a ration


   Skills:
 + Level 11.8 Fighting
 * Level 15.3 Axes
 - Level 11.3 Armour
   Level 3.6 Shields


You had 7 spell levels left.
You didn't know any spells.
Your spell library was empty.

Dungeon Overview and Level Annotations

Branches:
Dungeon (1/1)

Altars:
Cheibriados
Dithmenos
Fedhas
Gozag
Kikubaaqudgha
Makhleb
Okawaru
Qazlal
Ru
Sif Muna
Trog
Uskayaw
Vehumet
Wu Jian
Xom
Yredelemnul
Zin
The Shining One
Beogh
Jiyva
Lugonu

Shops:
D *[%??*?*:[((!!!!


Innate Abilities, Weirdness & Mutations

You reflexively headbutt those who attack you in melee.
You have a pair of horns on your head.


Message History

Unknown command.
You struggle to detach yourself from the web.
The jumping spider leaps!
You struggle to detach yourself from the web.
The web tears apart.
The jumping spider leaps!
You see here a tyrant leech corpse.
You barely miss the jumping spider.
The jumping spider leaps!
The jumping spider leaps!
Okay, then.
A redback comes into view.
You barely miss the jumping spider.
The jumping spider leaps!
The jumping spider leaps!
You closely miss the redback. You headbutt the redback!
The redback is moderately wounded.
The redback bites you!
* * * LOW HITPOINT WARNING * * *
You hit the redback. Your headbutt misses the redback.
The redback is heavily wounded.
The redback bites you!
You die...

#⌠..........###...###..........⌠
#⌠......†...# #.<.# #s.........⌠
#⌠..........###...###.[........⌠
##...........).###.............#
###∩...)....8.# #.8........∩###
##∩___....[.###......___∩##
######.8.........8.######
#§...........⌠# ###..s@.....###
#_......._# #_..÷.....#
#_......[_# #∩.......∩#
##∩.....∩## ##.....## ##⌠⌠⌠##
#####


You could see a jumping spider and a redback.

Vanquished Creatures
  2 tyrant leeches (D)
  A redback (D)
  Sigmund (D)
  2 insubstantial wisps (D)
  2 swamp drakes (D)
  2 scorpions (D)
  A crimson imp (D)
  A jelly (D)
  A hound (D)
  Jessica (D)
  Terence (D)
  A bat skeleton (D)
  A goblin (D)
  A bat (D)
  A frilled lizard (D)
  A kobold (D)
20 creatures vanquished.

Notes
Turn   | Place    | Note
-------+----------+-------------------------------------------
     0 | D        | nuthulu the Minotaur Fighter began the quest for the Orb.
     0 | D        | Reached XP level 1. HP: 19/19 MP: 0/0
     1 | D        | Found a blossoming altar of Fedhas.
     1 | D        | Found a burning altar of Makhleb.
     2 | D        | Found a sacrificial altar of Ru.
     2 | D        | Found a viscous altar of Jiyva.
     3 | D        | Found an ancient bone altar of Kikubaaqudgha.
     3 | D        | Found a roughly hewn altar of Beogh.
     4 | D        | Found a shadowy altar of Dithmenos.
     4 | D        | Found Tuymn's Magic Scroll Shop.
     4 | D        | Found Feajaam's Staff Store.
     5 | D        | Found Wieluip's Magic Scroll Shop.
     5 | D        | Found Jely's Must-Have Magic.
     5 | D        | Round 1.
     7 | D        | Found an ornate altar of the Wu Jian Council.
     9 | D        | Found an opulent altar of Gozag.
    10 | D        | Found Mioker's Distillery.
    10 | D        | Found a basalt altar of Yredelemnul.
    10 | D        | Found a glowing golden altar of the Shining One.
    10 | D        | Found a shimmering altar of Xom.
    10 | D        | Found Qetack's Do-It-Yourself Clinic.
    11 | D        | Found Jerere's Distillery.
    11 | D        | Found Renex's Bottled Wisdom.
    14 | D        | Reached skill level 3 in Axes
    25 | D        | Became a worshipper of Makhleb the Destroyer
    27 | D        | Found a deep blue altar of Sif Muna.
    30 | D        | Found Doadghed's Delicious Food.
    30 | D        | Found a glowing silver altar of Zin.
    30 | D        | Found a hide-covered altar of Uskayaw.
    30 | D        | Found a corrupted altar of Lugonu.
    30 | D        | Found Ekhluc's Identification Station.
    31 | D        | Found Yrphee's Jewellery.
    31 | D        | Found Jigrimp's Advanced Armour.
    33 | D        | Noticed Sigmund
    34 | D        | Found an iron altar of Okawaru.
    35 | D        | Found a radiant altar of Vehumet.
    36 | D        | Found a bloodstained altar of Trog.
    37 | D        | Found Basit's Premium Goods.
    39 | D        | Found a snail-covered altar of Cheibriados.
    39 | D        | Found a stormy altar of Qazlal.
    39 | D        | Found Uxzimi's Weapon Rack.
    39 | D        | Found Loam's Miscellaneous Merchandise.
    39 | D        | Found Ynibey's Basic Armour.
    47 | D        | Killed Sigmund
    47 | D        | Reached skill level 9 in Axes
    47 | D        | Reached XP level 2. HP: 34/34 MP: 1/1
    47 | D        | Reached XP level 3. HP: 39/39 MP: 2/2
    47 | D        | Reached XP level 4. HP: 47/47 MP: 3/3
    47 | D        | Reached XP level 5. HP: 52/52 MP: 4/4
    54 | D        | Noticed Terence
    64 | D        | Killed Terence
    64 | D        | Reached * piety under Makhleb
    99 | D        | Arena points: 14 (+14) [x2]
   151 | D        | Round 2.
   165 | D        | Reached ** piety under Makhleb
   165 | D        | Reached skill level 10 in Axes
   235 | D        | Noticed Jessica
   242 | D        | Killed Jessica
   245 | D        | Reached XP level 6. HP: 56/62 MP: 5/5
   245 | D        | Reached skill level 11 in Axes
   288 | D        | Reached *** piety under Makhleb
   300 | D        | Arena points: 56 (+42) [x3]
   321 | D        | Round 3.
   324 | D        | Noticed a swamp drake
   333 | D        | Killed a swamp drake
   333 | D        | Reached skill level 12 in Axes
   341 | D        | Noticed a tyrant leech
   356 | D        | Noticed an insubstantial wisp
   388 | D        | Killed an insubstantial wisp
   388 | D        | Reached XP level 7. HP: 20/71 MP: 6/6
   390 | D        | Killed a tyrant leech
   390 | D        | Reached **** piety under Makhleb
   390 | D        | Reached skill level 10 in Fighting
   390 | D        | Reached skill level 13 in Axes
   390 | D        | Reached skill level 10 in Armour
   451 | D        | Noticed a tyrant leech
   471 | D        | Killed a tyrant leech
   471 | D        | Reached skill level 14 in Axes
   471 | D        | Reached XP level 8. HP: 67/82 MP: 7/7
   483 | D        | Arena points: 140 (+84) [x4]
   501 | D        | Bought a +0 executioner's axe for 300 gold pieces
   516 | D        | Round 4.
   526 | D        | Noticed a jumping spider
   528 | D        | Reached ***** piety under Makhleb
   528 | D        | Reached skill level 15 in Axes
   564 | D        | Slain by a redback

Skill      XL: |  1  2  3  4  5  6  7  8 |
---------------+-------------------------+-----
Axes           | 9 10 12 14 15 | 15.3
Fighting       | 7 8 9 11 | 11.8
Armour         | 7 8 9 11 | 11.3
Shields        | |  3.6

Action                   |  1- 3 |  4- 6 |  7- 9 || total
-------------------------+-------+-------+-------++-------
Melee: War axe           |     7 |    37 |    18 ||    62
       Headbutt          |     2 |     2 |     7 ||    11
       Executioner's axe |       |       |    12 ||    12
Evoke: Wand              |       |     5 |     3 ||     8
  Use: Potion            |       |     4 |     6 ||    10
Armor: Scale mail        |     3 |    11 |    15 ||    29
Dodge: Dodged            |     4 |     7 |    11 ||    22
Block: Shield            |     6 |    13 |     2 ||    21
